 Dungeon Crawl Stone Soup version 0.26.1-11-gd32895ea62 (webtiles) character file.

Game seed: 15742755961384343116

5028 Cykl0x the Carver (level 10, -8/86 HPs)
             Began as a Minotaur Fighter on May 29, 2021.
             Was a Follower of the Shining One.
             Mangled by a two-headed ogre
             ... wielding a +0 dire flail
              (16 damage)
             ... on level 8 of the Dungeon.
             The game lasted 00:14:04 (7218 turns).

Cykl0x the Carver (Minotaur Fighter)                Turns: 7218, Time: 00:14:05

Health: -8/86      AC: 10    Str: 25    XL:     10   Next: 30%
Magic:  11/11      EV: 10    Int:  5    God:    the Shining One [*.....]
Gold:   128        SH: 12    Dex:  9    Spells: 9/11 levels left

rFire    + . .     SeeInvis .   a - +0 long sword (flame)
rCold    . . .     Faith    .   c - +1 kite shield
rNeg     . . .     Spirit   .   y - +0 chain mail
rPois    +         Reflect  .   (helmet restricted)
rElec    .         Harm     .   v - scarf {shadows}
rCorr    .         Rampage  .   (no gloves)
Will     +....                  (no boots)
Stlth    ..........             (no amulet)
HPRegen  0.24/turn              q - ring of willpower
MPRegen  0.12/turn              n - ring of poison resistance

@: about to teleport, glowing
A: retaliatory headbutt, horns 2, fire resistance 1, wild magic 1
a: Renounce Religion


You were on level 8 of the Dungeon.
You worshipped the Shining One.
The Shining One was aware of your devotion.
You visited 2 branches of the dungeon, and saw 9 of its levels.

You collected 506 gold pieces.
You spent 378 gold pieces at shops.

Inventory:

Hand Weapons
 a - a +0 long sword of flaming (weapon)
 s - the +4 rapier "Qod Cekeaso" {vorpal, rC+ Dex+4}
   (You found it on level 4 of the Dungeon)

   It inflicts extra damage upon your enemies.
   It affects your dexterity (+4).
   It protects you from cold.
Missiles
 k - 248 stones
 o - 3 javelins
 p - 7 boomerangs
 t - 20 poisoned darts (quivered)
Armour
 b - a +0 scale mail
 c - a +1 kite shield (worn)
 v - a scarf of shadows (worn)
 y - a +0 chain mail (worn)
Jewellery
 m - a +6 ring of strength
 n - a ring of poison resistance (right hand)
 q - a ring of willpower (left hand)
 z - an uncursed ring of protection from cold
Wands
 u - a wand of disintegration (18)
 A - a wand of polymorph (5)
 G - a wand of acid (8)
Scrolls
 h - 5 scrolls of remove curse
 i - 2 scrolls of amnesia
 l - 6 scrolls of teleportation
 r - a scroll of fog
 D - 2 scrolls of blinking
Potions
 d - 5 potions of might
 e - a potion of invisibility
 f - 2 potions of brilliance
 g - 2 potions of curing
 j - 2 potions of haste
 w - a potion of lignification
 x - a potion of flight
 B - a potion of heal wounds {unknown}
 C - a potion of ambrosia {unknown}
 F - a potion of mutation
 I - a potion of cancellation {unknown}


   Skills:
 + Level 7.0 Fighting
 + Level 9.2 Long Blades
 + Level 3.1 Throwing
 + Level 8.1 Armour
 + Level 7.0 Dodging
 + Level 8.8 Shields
 * Level 1.3 Spellcasting
 * Level 1.8 Transmutations
 * Level 2.0 Invocations


You had 9 spell levels left.
You knew the following spells:

 Your Spells              Type           Power        Failure   Level
a - Wereblood             Tmut           1%           99%         2

Your spell library contained the following spells:

 Spells                   Type           Power        Failure   Level
 Beastly Appendage        Tmut           2%           97%         1
 Sandblast                Erth           0%           100%        1
 Summon Small Mammal      Summ           0%           100%        1
 Call Imp                 Summ           0%           100%        2
 Passwall                 Tmut/Erth      0%           100%        2
 Call Canine Familiar     Summ           0%           100%        3
 Spider Form              Tmut/Pois      0%           100%        3
 Stone Arrow              Conj/Erth      0%           100%        3
 Summon Guardian Golem    Hex/Summ       0%           100%        3
 Ice Form                 Ice/Tmut       0%           100%        4
 Petrify                  Tmut/Erth      0%           100%        4
 Summon Ice Beast         Ice/Summ       0%           100%        4
 Summon Lightning Spire   Summ/Air       0%           100%        4
 Blade Hands              Tmut           0%           100%        5
 Lee's Rapid Deconstruct  Erth           0%           100%        5


Dungeon Overview and Level Annotations

Branches:
Dungeon (8/15)             Temple (1/1) D:5
   Lair: D:8-11

Altars:
Fedhas
Makhleb
Nemelex Xobeh
Okawaru
Qazlal
Sif Muna
The Shining One

Shops:
D:7 !


Innate Abilities, Weirdness & Mutations

You reflexively headbutt those who attack you in melee.
You have a pair of horns on your head.
Your flesh is heat resistant. (rF+)
Your spells are a little harder to cast, but a little more powerful.


Message History

The poisoned dart hits the two-headed ogre.
The two-headed ogre is poisoned.
The two-headed ogre is lightly wounded.
Throw: 21 darts (poison)
Press: ? - help, Q - select action, (/) - cycle Shift-Dir - straight line, f/p - two-headed ogre
Aim: a two-headed ogre, wielding a +0 dire flail and a +0 giant club (lightly wounded, poisoned, haloed, 93% to hit)
You throw a poisoned dart.
The poisoned dart hits the two-headed ogre!
The two-headed ogre looks even sicker.
The two-headed ogre is lightly wounded.
The two-headed ogre hits you with a +0 dire flail!!
* * * LOW HITPOINT WARNING * * *
The two-headed ogre hits you with a +0 giant club!
* * * LOW HITPOINT WARNING * * *
Okay, then.
Okay, then.
As you read the scroll of teleportation, it crumbles to dust.
You feel strangely unstable.
The two-headed ogre hits you with a +0 dire flail!
You die...

#.#.†...........###....,,,,,,,,,
#.#........###)........,,,,,,,,,
#.'........#..<..##...,,,,,,,,,,
###........+..#..#*,,,,,,,,,,,,,
#........#.....#**,,,,,,,,,,,,
#.....)..##.##.# *,.?.,,,,,,,,
#........##....# *....********
#........##.##.###....*
###########..@.#......*
####O#.[....* #.(#......*
#..(Y.(...* ##.#..####*
#..(....* #########


You could see a two-headed ogre (very poisoned).

Vanquished Creatures
  Pikel (D:6)
  Sigmund (D:6)
  Eustachio (D:5)
  3 yaks (D:8)
  2 humans (D:8)
  2 steam dragons (D:8)
  6 sky beasts
  5 ogres
  2 phantoms
  2 necrophages (D:8)
  2 centaurs
  2 big kobolds
  Blork the orc (D:5)
  6 bullfrogs
  2 scorpions (D:7)
  3 killer bees (D:7)
  A howler monkey (D:4)
  6 hounds
  An orc priest (D:6)
  3 orc wizards
  A bullfrog skeleton (D:7)
  A jelly (D:7)
  Jessica (D:3)
  4 iguanas
  8 worker ants
  2 hound zombies (D:7)
  A hound skeleton (D:3)
  15 gnolls
  11 adders
  2 oozes
  An adder zombie (D:6)
  An adder skeleton (D:6)
  3 worms
  2 dart slugs
  6 leopard geckos
  9 orcs
  8 bats
  4 giant cockroaches
  A goblin (D:3)
  7 hobgoblins
  4 jackals
  2 quokkas
  2 frilled lizards (D:1)
  A giant cockroach zombie (D:6)
  11 kobolds
  A leopard gecko zombie (D:5)
  5 rats
166 creatures vanquished.

Notes
Turn   | Place    | Note
-------+----------+-------------------------------------------
     0 | D:1      | Cykl0x the Minotaur Fighter began the quest for the Orb.
     0 | D:1      | Reached XP level 1. HP: 19/19 MP: 0/0
   277 | D:1      | Reached XP level 2. HP: 27/27 MP: 1/1
   768 | D:2      | Reached skill level 1 in Dodging
   783 | D:2      | Reached XP level 3. HP: 33/33 MP: 2/2
  1214 | D:2      | Found a burning altar of Makhleb.
  1365 | D:2      | Reached XP level 4. HP: 35/40 MP: 3/3
  1680 | D:3      | Noticed Jessica
  1682 | D:3      | Killed Jessica
  1844 | D:3      | Reached XP level 5. HP: 45/46 MP: 4/4
  2125 | D:3      | Reached skill level 3 in Long Blades
  2204 | D:3      | Found a sparkling altar of Nemelex Xobeh.
  2276 | D:3      | Reached skill level 5 in Shields
  2594 | D:4      | Reached XP level 6. HP: 53/53 MP: 5/5
  2824 | D:4      | Got a bloodstained rapier
  2824 | D:4      | Identified the +4 rapier "Qod Cekeaso" {vorpal, rC+ Dex+4}
                  | (You found it on level 4 of the Dungeon)
  2891 | D:4      | Reached skill level 4 in Long Blades
  3165 | D:5      | Entered Level 5 of the Dungeon
  3349 | D:5      | Reached skill level 1 in Throwing
  3418 | D:5      | Noticed Blork the orc
  3419 | D:5      | Noticed Eustachio
  3436 | D:5      | Killed Blork the orc
  3445 | D:5      | Killed Eustachio
  3446 | D:5      | Reached skill level 5 in Armour
  3446 | D:5      | Reached XP level 7. HP: 41/60 MP: 6/6
  3694 | D:5      | Found a staircase to the Ecumenical Temple.
  3707 | Temple   | Entered the Ecumenical Temple
  3713 | Temple   | Became a worshipper of the Shining One
  3808 | D:5      | Reached skill level 5 in Long Blades
  4442 | D:6      | Reached skill level 5 in Fighting
  4450 | D:6      | Reached skill level 6 in Long Blades
  4450 | D:6      | Reached XP level 8. HP: 41/68 MP: 7/7
  4890 | D:6      | Noticed Sigmund
  4902 | D:6      | Killed Sigmund
  4921 | D:6      | Reached skill level 5 in Dodging
  5254 | D:6      | Noticed Pikel
  5265 | D:6      | Killed Pikel
  5266 | D:6      | Reached skill level 7 in Long Blades
  5488 | D:7      | Reached XP level 9. HP: 73/75 MP: 8/8
  5613 | D:7      | Found Quluost's Distillery.
  5621 | D:7      | Bought 2 potions of mutation for 224 gold pieces
  5621 | D:7      | Bought a potion of curing for 42 gold pieces
  5621 | D:7      | Gained mutation: Scrolls take you a little longer to read.
                  | [potion of mutation]
  5621 | D:7      | Gained mutation: You have large cloven feet. [potion of
                  | mutation]
  5622 | D:7      | Lost mutation: Scrolls take you a little longer to read.
                  | [potion of mutation]
  5622 | D:7      | Lost mutation: You have large cloven feet. [potion of
                  | mutation]
  5622 | D:7      | Gained mutation: Armour fits poorly on your strangely
                  | shaped body. [potion of mutation]
  5622 | D:7      | Gained mutation: You have very sharp teeth. [potion of
                  | mutation]
  5623 | D:7      | Bought a potion of mutation for 112 gold pieces
  5623 | D:7      | Lost mutation: Armour fits poorly on your strangely shaped
                  | body. [potion of mutation]
  5623 | D:7      | Lost mutation: You have very sharp teeth. [potion of
                  | mutation]
  5623 | D:7      | Gained mutation: Your spells are a little harder to cast,
                  | but a little more powerful. [potion of mutation]
  5623 | D:7      | Gained mutation: Your flesh is heat resistant. (rF+)
                  | [potion of mutation]
  5761 | D:7      | Reached * piety under the Shining One
  5812 | D:7      | Reached skill level 8 in Long Blades
  6465 | D:8      | Learned a level 2 spell: Wereblood
  6553 | D:8      | Reached skill level 1 in Invocations
  6760 | D:8      | Reached XP level 10. HP: 79/84 MP: 9/9
  6805 | D:8      | Reached skill level 1 in Transmutations
  6876 | D:8      | Found an iron altar of Okawaru.
  6891 | D:8      | Reached skill level 9 in Long Blades
  6974 | D:8      | Reached skill level 1 in Spellcasting
  7213 | D:8      | Noticed a two-headed ogre
  7218 | D:8      | Mangled by a two-headed ogre

Illustrated notes

Levels and vault maps discovered:
D:1:      erik_arrival_blinker_ship, layout_basic, lemuel_another_geyser
D:2:      layout_basic, lemuel_crystal_altar
D:3:      layout_basic, nemelex_xobeh_ov_fountains_minmay, serial_glass,
          glass_columns_a, glass_columns_c, uniq_jessica
D:4:      layout_cave_pools
D:5:      layout_loops_ring, minmay_temple_entry_statues_fountains,
          uniq_eustachio, uniq_blork_the_orc
D:6:      layout_cave_pools, uniq_sigmund, uniq_pikel
D:7:      layout_cave_pools, serial_shops, shop
D:8:      layout_basic, okawaru_humans, hangedman_misty_isle
Temple:   eino_narrow_crystal_temple

Skill      XL: |  1  2  3  4  5  6  7  8  9 10 |
---------------+-------------------------------+-----
Fighting       | 4 5 6 7 |  7.0
Armour         | 4 5 6 7 8 |  8.1
Dodging        | 1 2 3 4 5 7 |  7.0
Shields        | 4 5 6 7 8 |  8.8
Long Blades    | 3 4 6 7 8 9 |  9.2
Throwing       | 1 2 3 |  3.1
Invocations    | 1 2 |  2.0
Transmutations | 1 |  1.8
Spellcasting   | 1 |  1.3

Action                   |  1- 3 |  4- 6 |  7- 9 | 10-12 || total
-------------------------+-------+-------+-------+-------++-------
Melee: Long sword        |    69 |    61 |   278 |    47 ||   455
       Headbutt          |    11 |    20 |    58 |    12 ||   101
       Falchion          |       |    35 |    12 |       ||    47
Throw: Stone             |     4 |    15 |       |       ||    19
       Javelin           |       |    13 |    10 |     5 ||    28
       Boomerang         |       |       |     4 |     3 ||     7
       Dart              |       |       |       |     3 ||     3
  Use: Scroll            |     4 |     6 |     4 |     5 ||    19
       Potion            |       |       |     4 |       ||     4
Armor: Scale mail        |    33 |    23 |     4 |       ||    60
       Chain mail        |       |       |   106 |     9 ||   115
Dodge: Dodged            |    33 |    33 |   108 |    15 ||   189
Block: Kite shield       |    31 |    57 |   203 |    26 ||   317
       Rpst.: Long sword |    10 |     6 |    37 |     7 ||    60
       Falchion          |       |     3 |     2 |       ||     5
